 Dungeon Crawl Stone Soup version 0.29-a0-317-gd16b76e6b1 (webtiles) character file.

Game seed: 6653867694338935118

24 Ajdolov the Sneak (level 2, -1/29 HPs)
             Began as a Troll Delver on Mar 31, 2022.
             Slain by a hound (3 damage)
             ... on level 4 of the Dungeon.
             The game lasted 00:00:22 (38 turns).

Ajdolov the Sneak (Troll Delver)                      Turns: 38, Time: 00:00:23

Health: -1/29      AC:  4    Str: 19    XL:     2   Next: 79%
Magic:  1/1        EV: 10    Int:  6    God:
Gold:   0          SH:  0    Dex: 11    Spells: 1/1 levels left

rFire   . . .      SeeInvis .     - Unarmed
rCold   . . .      Faith    .   (no shield)
rNeg    . . .      Spirit   .   a - +0 robe
rPois   .          Reflect  .   (helmet restricted)
rElec   .          Harm     .   (no cloak)
rCorr   .          Rampage  .   (gloves unavailable)
Will    .....                   (boots unavailable)
Stlth   ++........              (no amulet)
HPRegen 0.89/turn               (no ring)
MPRegen 0.07/turn               (no ring)

@: no status effects
A: large, unfitting armour, claws 3, regeneration 1, shaggy fur 1, tough skin 1
a: no special abilities


You were on level 4 of the Dungeon.
You visited 1 branch of the dungeon, and saw 2 of its levels.

Inventory:

Armour
 a - a +0 robe (worn)
Wands
 f - a wand of digging (3)
Scrolls
 b - a scroll of fog
 c - a scroll of magic mapping
 d - a scroll of fear
Potions
 e - a potion of haste


   Skills:
 + Level 2.6 Fighting
 + Level 1.9 Dodging
 + Level 2.9 Stealth
 + Level 2.3 Unarmed Combat


You had one spell level left.
You didn't know any spells.
Your spell library was empty.

Dungeon Overview and Level Annotations

Branches:
Dungeon (5/15)
 Temple: D:4-7

Altars:
Xom

Annotations:
D:5 Eustachio


Innate Abilities, Weirdness & Mutations

You are too large for most types of armour.
You have claws for hands.
Your natural rate of healing is unusually fast.
You are covered in fur. (AC +1)
You have tough skin. (AC +1)


Message History

Unknown command.
The hound bites you. The hound bites you but does no damage.
The crimson imp blinks!
The hound completely misses you. The iron imp barely misses you.
Things that are here:
a +0 dagger; a +0 robe Eustachio says, "Summoning is fun!"
The hound bites you but does no damage. The hound attacks as you move away!
The hound bites you. Eustachio attacks as you move away!
Eustachio hits you with a +0 rapier.
* * * LOW HITPOINT WARNING * * *
The hound misses you. The hound bites you.
* * * LOW HITPOINT WARNING * * *
The hound bites you.
* * * LOW HITPOINT WARNING * * *
Found a stone staircase leading up.
Eustachio gestures wildly while chanting.
Eustachio blinks!
The hound attacks as you move away! The hound barely misses you.
A scorpion comes into view.
Eustachio growls, "To hell with you, honourless miscreant!"
The hound bites you.
* * * LOW HITPOINT WARNING * * *
Found a stone staircase leading down.
The hound attacks as you move away! The hound bites you.
* * * LOW HITPOINT WARNING * * *
The hound closely misses you.
The ufetubus disappears in a puff of smoke!
There is a stone staircase leading up here.
The hound bites you.
* * * LOW HITPOINT WARNING * * *
Eustachio mumbles some strange words.
The hound bites you.
* * * LOW HITPOINT WARNING * * *
You climb upwards.
The gnoll shouts!
You hear a shout! x2
There is a stone staircase leading down here.
The hound attacks as you move away! The hound bites you.
You die...

...... .# ###
......###.##...
..........#....
..............#
...............
...............
......lh.......
.......@.......
...##......#...
#.....##
#......#
...#..... ##..
#....# ###
##..# ..g


You could see an iguana (wandering), a hound and a gnoll.

Vanquished Creatures
  An orc wizard (D:5)
1 creature vanquished.

Notes
Turn   | Place    | Note
-------+----------+-------------------------------------------
     0 | D:5      | Ajdolov the Troll Delver began the quest for the Orb.
     0 | D:5      | Reached XP level 1. HP: 22/22 MP: 0/0
     0 | D:5      | Noticed an orc wizard
     8 | D:5      | Noticed a hound
    12 | D:5      | Noticed Eustachio
    13 | D:5      | Killed an orc wizard
    14 | D:5      | Reached XP level 2. HP: 18/29 MP: 1/1
    22 | D:5      | Noticed a crimson imp
    32 | D:5      | Noticed a scorpion
    36 | D:5      | HP: 1/29 [hound (1)]
    38 | D:4      | Slain by a hound

Illustrated notes

Levels and vault maps discovered:
D:4:      layout_cave_pools, mainiacjoe_overflow_cross_hatched,
          nicolae_shop_overcharged_wands
D:5:      layout_rooms, minmay_temple_entry_waves, hangedman_feature_mirror,
          minmay_misc_feat_diagonals, uniq_eustachio, uniq_prince_ribbit1,
          uniq_pikel

Action                   || total
-------------------------++-------
Melee: Unarmed           ||    15
Armor: Robe              ||     6
Dodge: Dodged            ||    13

Table legend: (Time is in decaauts)
 A = Elapsed time spent in this place.
 B = Non-inter-level travel time spent in this place.
 C = Inter-level travel time spent in this place.
 D = Time resting spent in this place.
 E = Time spent auto-exploring this place.
 F = Levels seen in this place.
 G = Mean time per level.
                   A        B        C        D        E       F      G
               +--------+--------+--------+--------+--------+-----+--------+
         Total |     37 |     37 |      0 |      0 |      0 |   2 |   18.5 |
       Dungeon |     37 |     37 |      0 |      0 |      0 |   2 |   18.5 |
               +--------+--------+--------+--------+--------+-----+--------+

Top non-repeatable levels by time:
     D:5: 36 daAuts
     D:4: 0 daAuts
